 Dungeon Crawl Stone Soup version 0.19-a0-459-gb8ed64d (webtiles) character file.

334 Amnesiac the Conjurer (level 6, -1/41 HPs)
             Began as a Mummy Wizard on June 3, 2016.
             Slain by no0bjke's ghost (2 damage)
             ... on level 4 of the Dungeon.
             The game lasted 00:07:20 (3091 turns).

Amnesiac the Conjurer (Mummy Wizard)                Turns: 3091, Time: 00:07:22

Health: -1/41      AC:  7    Str: 10    XL:     6   Next: 27%
Magic:  2/10       EV: 13    Int: 19    God:
Gold:   127        SH:  0    Dex: 11    Spells: 4 memorised, 2 levels left

rFire  x . .     SeeInvis .     i - +0 halberd
rCold  + . .     Gourm    .     a - +0 robe
rNeg   + + +     Faith    .     (shield currently unavailable)
rPois  ∞         Spirit   .     b - +0 hat
rElec  .         Dismiss  .     (no cloak)
rCorr  .         Reflect  .     (no gloves)
SustAt .         Harm     .     (no boots)
MR     .....                    (no amulet)
Stlth  ++........               (no ring)
                                e - +5 ring of protection

@: not resistant to hostile enchantments, unstealthy
A: no food or potions, fire vulnerability, cold resistance 1, negative energy
resistance 3, torment resistance, unbreathing
a: no special abilities


You were on level 4 of the Dungeon.
You were not hungry.

You visited 1 branch of the dungeon, and saw 5 of its levels.

You collected 127 gold pieces.

Inventory:

Hand Weapons
 g - a +0 short sword
 i - a +0 halberd (weapon)
Armour
 a - a +0 robe (worn)
 b - a +0 hat (worn)
 m - a +0 buckler
Jewellery
 e - a +5 ring of protection (left hand)
 n - an uncursed ring of protection from cold {unknown}
Wands
 j - a wand of random effects (30/48)
Scrolls
 d - a scroll of recharging {unknown}
 f - 3 scrolls of identify {unknown}
 k - a scroll of remove curse {unknown}
 l - a scroll of noise {unknown}
Books
 c - a book of Minor Magic

   Spells                             Type                      Level
   a - Magic Dart                     Conjuration                  1
   b - Blink                          Translocation                2
   c - Call Imp                       Summoning                    2
   d - Repel Missiles                 Charms/Air                   2
   e - Slow                           Hexes                        2
   f - Conjure Flame                  Conjuration/Fire             3
   g - Mephitic Cloud                 Conjuration/Poison/Air       3
 h - a book of Annihilations

   Spells                             Type                      Level
   a - Poison Arrow                   Conjuration/Poison           6
   b - Chain Lightning                Conjuration/Air              8
   c - Lehudib's Crystal Spear        Conjuration/Earth            8
   d - Glaciate                       Conjuration/Ice              9
   e - Fire Storm                     Conjuration/Fire             9


   Skills:
 - Level 2.9 Dodging
 - Level 1.5 Stealth
 - Level 3.0 Spellcasting
 - Level 3.8 Conjurations
   Level 0.7 Summonings
 - Level 0.7 Translocations
 + Level 2.3 Poison Magic


You had 2 spell levels left.
You knew the following spells:

 Your Spells              Type           Power        Failure   Level  Hunger
b - Blink                 Tloc           N/A          21%         2    N/A
e - Mephitic Cloud        Conj/Pois/Air  ##......     21%         3    N/A
s - Conjure Flame         Conj/Fire      ##......     21%         3    N/A
z - Magic Dart            Conj           ###.         3%          1    N/A

Dungeon Overview and Level Annotations

Branches:
Dungeon (5/15)
 Temple: D:4-7

Altars:
Cheibriados
Pakellas
Trog
Xom
Zin

Shops:
D:4 *

Annotations:
D:4 no0bjke's ghost, novice MiFi


Innate Abilities, Weirdness & Mutations

You do not eat or drink.
Your flesh is vulnerable to fire.
You are immune to poison.
Your flesh is cold resistant. (rC+)
You are immune to negative energy. (rN+++)
You are immune to unholy pain and torment.
You can survive without breathing.


Message History

Confirm with . or Enter, or press ? or * to list all spells.
Aiming: Conjure Flame
Press: ? - help, Dir - move target cursor You can't place the cloud on a wall.
You see here a dazzling dagger.
There are no items here.
Your magical contamination has completely faded away.
Casting: Conjure Flame
Confirm with . or Enter, or press ? or * to list all spells.
Aiming: Conjure Flame
Press: ? - help, Dir - move target cursor The fire roars!
You slash no0bjke's ghost!
No0bjke's ghost is lightly damaged.
No0bjke's ghost is engulfed in roaring flames.
No0bjke's ghost hits you!
* * * LOW HITPOINT WARNING * * *
No0bjke's ghost is engulfed in roaring flames.
No0bjke's ghost hits you.
You die...

## ##.. ##. ##.#
#####..# ## ##...#
#.....## # ##....##
#......#
.##......###......#
#........#..#.....#
#...>.....W##.....#
#...........##.W.##
._..........##..@#
#............##.##
........)....####
######
...........#..#
#.....
...........#..#
##.....
.#.........##..#
#......
.#........## ..####
#...... §#.#.....##
#...... #......
.#.##...##
#........ ##.....


You could see no0bjke's ghost.

Vanquished Creatures
  An ogre (D:4)
  A scorpion (D:3)
  A hound (D:4)
  2 orc priests (D:4)
  A worker ant (D:4)
  3 gnolls (D:4)
  3 adders (D:4)
  A worm (D:4)
  A dart slug (D:3)
  6 orcs
  3 bats
  2 goblins
  A hobgoblin (D:1)
  2 jackals (D:4)
  A giant newt (D:2)
  3 kobolds
  3 rats
35 creatures vanquished.

Notes
Turn   | Place    | Note
--------------------------------------------------------------
     0 | D:1      | Amnesiac the Mummy Wizard began the quest for the Orb.
     0 | D:1      | Reached XP level 1. HP: 13/13 MP: 4/4
     6 | D:1      | Noticed a lindwurm
     6 | D:1      | Noticed a wyvern
     7 | D:1      | Noticed a polar bear
     7 | D:1      | Noticed a hog
    72 | D:1      | Reached skill level 1 in Conjurations
   317 | D:3      | Reached XP level 2. HP: 11/19 MP: 0/6
   452 | D:3      | Found a bloodstained altar of Trog.
   780 | D:4      | Found Zin's Purification Station.
   785 | D:4      | Found a glowing silver altar of Zin.
   786 | D:4      | Noticed a scorpion
   991 | D:3      | Reached XP level 3. HP: 22/24 MP: 1/7
   996 | D:3      | Learned a level 3 spell: Mephitic Cloud
  1000 | D:3      | Learned a level 3 spell: Conjure Flame
  1139 | D:3      | Killed a scorpion
  1139 | D:3      | Reached XP level 4. HP: 17/30 MP: 1/8
  1143 | D:3      | Learned a level 2 spell: Blink
  1458 | D:4      | Found a snail-covered altar of Cheibriados.
  2008 | D:4      | Found a shimmering altar of Xom.
  2015 | D:4      | Reached XP level 5. HP: 31/35 MP: 2/9
  2539 | D:5      | Entered Level 5 of the Dungeon
  2625 | D:4      | Reached skill level 1 in Poison Magic
  2733 | D:4      | Noticed an ogre
  2742 | D:4      | Killed an ogre
  2742 | D:4      | Reached XP level 6. HP: 41/41 MP: 6/10
  2991 | D:4      | Found an oddly glowing altar of Pakellas.
  3044 | D:4      | Noticed no0bjke's ghost (novice MiFi)
  3091 | D:4      | HP: 1/41 [no0bjke's ghost (16)]
  3091 | D:4      | Slain by no0bjke's ghost

Vault maps used:
D:1:      onia_arrival_zoo_common
D:3:      lightli_temple_of_fire, first_bread
D:4:      xom_butterflies, cheibriados_altar_1, zin_purify,
          overflow_temple_1_default, grunt_ministairs_5, minmay_cut_off,
          uniq_crazy_yiuf_cottage
D:5:      yredelemnul_altar_generic, nicolae_sextant, johnstein_pakellas_shop,
          uniq_prince_ribbit1, uniq_duvessa

Skill      XL: |  1  2  3  4  5 |
---------------+----------------+-----
Conjurations   | 1 2 3 |  3.8
Dodging        | 2 |  2.9
Poison Magic   | 2 |  2.3
Stealth        | |  1.5
Spellcasting   | |  3.0
Summonings     | |  0.7
Translocations | |  0.7

Action                   |  1- 3 |  4- 6 || total
-------------------------+-------+-------++-------
Melee: Unarmed           |     8 |       ||     8
       Short sword       |    11 |    37 ||    48
       Halberd           |       |    27 ||    27
 Cast: Magic Dart        |    50 |    53 ||   103
       Mephitic Cloud    |     1 |     9 ||    10
       Conjure Flame     |       |     2 ||     2
  Use: Scroll            |       |     1 ||     1
 Stab: Confused          |     1 |     8 ||     9
Armor: Robe              |    14 |     8 ||    22
Dodge: Dodged            |    29 |    20 ||    49
